 Dungeon Crawl Stone Soup version 0.18-a0-1624-g19ad93e (webtiles) character file.

9 Oddball22 the Caller (level 2, -1/14 HPs)
             Began as a Vine Stalker Summoner on Mar 24, 2016.
             Slain by a giant gecko (4 damage)
             ... on level 1 of the Dungeon.
             The game lasted 00:01:01 (231 turns).

Oddball22 the Caller (Vine Stalker Summoner)         Turns: 231, Time: 00:01:01

Health: -1/14      AC:  2    Str: 10    XL:     2   Next: 16%
Magic:  0/6        EV: 12    Int: 15    God:
Gold:   15         SH:  0    Dex: 14    Spells: 1 memorised, 5 levels left

rFire  . . .     SeeInvis .     (no weapon)
rCold  . . .     Gourm    .     a - +0 robe
rNeg   . . .     Faith    .     (no shield)
rPois  .         Spirit   +     (no helmet)
rElec  .         Dismiss  .     (no cloak)
rCorr  .         Reflect  .     (no gloves)
SustAt .         Harm     .     (no boots)
MR     .....                    (no amulet)
Stlth  ++........               (no ring)
                                (no ring)

@: not resistant to hostile enchantments, unstealthy
A: fangs 2, regeneration 1, magic shield, antimagic bite, no device heal 3, rot
immunity
a: no special abilities


You were on level 1 of the Dungeon.
You were not hungry.

You visited 1 branch of the dungeon, and saw 1 of its levels.

You collected 15 gold pieces.

Inventory:

Armour
 a - a +0 robe (worn)
Potions
 e - a potion of invisibility {unknown}
Books
 b - a book of Callings

   Spells                             Type                      Level
   a - Summon Small Mammal            Summoning                    1
   b - Call Imp                       Summoning                    2
   c - Call Canine Familiar           Summoning                    3
   d - Summon Guardian Golem          Hexes/Summoning              3
   e - Summon Lightning Spire         Summoning/Air                4
   f - Summon Ice Beast               Ice/Summoning                4
Comestibles
 c - a bread ration
 d - a chunk of flesh


   Skills:
 + Level 0.5 Fighting
 + Level 1.7 Dodging
 - Level 2.4 Stealth
 * Level 2.5 Spellcasting
 - Level 4.0 Summonings


You had 5 spell levels left.
You knew the following spells:

 Your Spells              Type           Power        Failure   Level  Hunger
a - Summon Small Mammal   Summ           ##..         4%          1    #......


Dungeon Overview and Level Annotations

Branches:
Dungeon (1/15)

Altars:


Innate Abilities, Weirdness & Mutations

You have extremely sharp teeth.
Your natural rate of healing is unusually fast.
When hurt, damage is shared between your health and your magic reserves.
Your bite disrupts and absorbs the magic of your enemies.
Potions and wands cannot restore your health.
You are immune to rotting.


Message History

You hit the giant gecko but do no damage.
The giant gecko is lightly wounded.
The giant gecko bites you but does no damage.
You hit the giant gecko.
You bite the giant gecko, but do no damage.
The giant gecko is severely wounded.
Your quokka barely misses the giant gecko.
The giant gecko bites you.
* * * LOW HITPOINT WARNING * * *
Your quokka barely misses the giant gecko.
The giant gecko bites your quokka.
Your quokka closely misses the giant gecko.
The giant gecko misses your quokka.
Your quokka closely misses the giant gecko.
Your quokka barely misses the giant gecko.
Casting: Summon Small Mammal
Confirm with . or Enter, or press ? or * to list all spells.
Your quokka barely misses the giant gecko.
The giant gecko bites you.
You die...

#. ##♣♣♣♣♣♣##.# ##+#
#........#.## ##...##
#.♣♣♣♣♣♣..... ##.....##
#.##.###.#.#.
##.......###..........#.
#.........###....##...#.
+.......r†'.............
#......lb.###....#.#.##.
#.....@.## #.#..♣.♣.# .
##.....## #.#..#.#.# .
##...## #....♣. .. ##+#
#.##.# # ♣.♣#.♣ #.# ..


You could see a giant gecko, a friendly quokka and a friendly bat.

Vanquished Creatures
  An ooze (D:1)
  A giant newt (D:1)
  A kobold (D:1)
  2 rats (D:1)
5 creatures vanquished.

Vanquished Creatures (collateral kills)
  3 hobgoblins (D:1)
3 creatures vanquished.

Grand Total: 8 creatures vanquished

Notes
Turn   | Place    | Note
--------------------------------------------------------------
     0 | D:1      | Oddball22 the Vine Stalker Summoner began the quest for the Orb.
     0 | D:1      | Reached XP level 1. HP: 9/9 MP: 4/4
   164 | D:1      | Reached XP level 2. HP: 14/14 MP: 4/6
   231 | D:1      | Slain by a giant gecko

Vault maps used:
D:1:      dpeg_chamrin_arrival_tetris, serial_forest, infiniplex_forest_lined_1,
          infiniplex_forest_lined_corner, infiniplex_forest_end_2,
          infiniplex_forest_lined_corner, infiniplex_forest_straight_2

Action                   || total
-------------------------++-------
Melee: Unarmed           ||    26
 Cast: Summon Small Mamm ||     8
